 Dungeon Crawl Stone Soup version 0.20-a0-235-g8b3a786 (webtiles) character file.

869 puppykicker the Sneak (level 7, 0/48 HPs)
             Began as a Demonspawn Earth Elementalist on Nov 26, 2016.
             Slain by a centaur (9 damage)
             ... on level 5 of the Dungeon.
             The game lasted 00:27:03 (8839 turns).

puppykicker the Sneak (DsEE)                        Turns: 8839, Time: 00:27:04

Health: 0/48       AC:  5    Str:  7 (8)  XL:     7   Next: 73%
Magic:  11/11      EV: 12    Int: 13 (16) God:
Gold:   209        SH:  0    Dex: 15 (18) Spells: 4/10 levels left

rFire  + . .     SeeInvis .     y - +7 mace of the Revolution {venom, *Drain rElec rPois Int-2}
rCold  + . .     Gourm    .     t - +0 robe
rNeg   . . .     Faith    .     (no shield)
rPois  +         Spirit   .     D - +1 helmet
rElec  +         Reflect  .     (no cloak)
rCorr  .         Harm     .     (no gloves)
MR     .....                    w - +0 pair of boots
Stlth  ++++......               (no amulet)
                                (no ring)
                                i - ring of protection from cold

@: no status effects
A: hooves 1, thin skeletal structure 2, blurry vision 1, demonic guardian 1,
fire resistance 1, high mp 1
a: no special abilities


You were on level 5 of the Dungeon.
You were not hungry.

You visited 1 branch of the dungeon, and saw 5 of its levels.
You also visited: Ossuary.

You collected 209 gold pieces.


Innate Abilities, Weirdness & Mutations

You have a moderately thin skeletal structure. (Dex +4, Stealth+)
A weak demonic guardian rushes to your aid.
You have large cloven feet.
Scrolls take you a little longer to read.
Your flesh is heat resistant. (rF+)
You have an increased reservoir of magic. (+10% MP)


   Skills:
 + Level 1.5 Fighting
 - Level 2.6(2.9) Short Blades
 + Level 1.8(2.5) Long Blades
 + Level 1.5 Maces & Flails
 - Level 1.7 Dodging
 + Level 4.7 Stealth
 - Level 2.0 Spellcasting
 + Level 3.1 Conjurations
 - Level 2.0 Transmutations
 + Level 4.5 Earth Magic


You had 4 spell levels left.
You knew the following spells:

 Your Spells              Type           Power        Failure   Level  Hunger
a - Sandblast             Erth           ##....       4%          1    ##.....
b - Passwall              Tmut/Erth      #.........   12%         2    ###....
c - Stone Arrow           Conj/Erth      ##....       17%         3    ####...

Inventory:

Hand Weapons
 a - a +0 dagger
 b - a +1 falchion
 d - a +0 morningstar
 q - a +2 dagger of distortion {!w}
 y - the +7 mace of the Revolution (weapon) {venom, *Drain rElec rPois Int-2}
   (You found it on level 4 of the Dungeon)

   It poisons the flesh of those it strikes.
   It affects your intelligence (-2).
   It insulates you from electricity.
   It protects you from poison.
   It causes draining when unequipped.
Missiles
 c - 125 stones (quivered)
 v - 9 poisoned needles
 E - 13 javelins
Armour
 t - a +0 robe (worn)
 w - a +0 pair of boots (worn)
 C - the +0 robe of the Swamp {*Slow rCorr Int-2 Stlth+}
   (You found it on level 5 of the Dungeon)

   It affects your intelligence (-2).
   It protects you from acid and corrosion.
   It may slow you when you take damage.
   It makes you more stealthy.
 D - a +1 helmet (worn)
Jewellery
 i - a ring of protection from cold (left hand)
 n - an uncursed ring of ice
Scrolls
 j - a scroll of immolation {unknown}
 l - 4 scrolls of teleportation
 r - 2 scrolls of amnesia {unknown}
 s - 2 scrolls of fear
 J - a scroll of remove curse
Potions
 f - a potion of curing
 g - 3 potions of ambrosia {unknown}
 h - 2 potions of might
 k - a potion of haste {unknown}
 m - 4 potions of flight
 u - 2 potions of cancellation
 x - a potion of brilliance {unknown}
 z - 3 potions of lignification {!q}
 A - a potion of heal wounds
 H - 2 potions of mutation {unknown}
Books
 e - a book of Geomancy
Comestibles
 o - 5 meat rations
 p - 3 bread rations

Dungeon Overview and Level Annotations

Branches:
Dungeon (5/15)
 Temple: D:4-7

Altars:
Dithmenos
Elyvilon
Fedhas
Okawaru
Xom

#####...†###......... .(
####...........>.... ...
#...................
....##.......###.#.......
..............#.........#
[....#...................
........J.5......#.......
.....#.........###.###...
####...c@((((.(##>.#.....
#........(..##.#..##..
..#..........)..........
..............########..
..###.........# ### ..
#.........# #.........#
##.......## ##.....##


You could see a centaur, an ooze and a friendly iron imp.


Message History

Welcome back to the Dungeon! x2
There is a collapsed entrance here.
There is an open door here.
Found a scale mail and 14 gold pieces.
You see here a scale mail.
You now have 209 gold pieces (gained 14).
A centaur comes into view.
The centaur wields a shortbow.
The centaur shoots an arrow.
The arrow hits your white imp!
An ooze comes into view.
The centaur shoots an arrow.
The arrow barely misses you.
You see here an arrow.
The centaur shoots an arrow.
The arrow hits you.
Your white imp gestures at the centaur.
The puff of frost hits the centaur.
You see here an arrow.
The centaur shoots an arrow.
The arrow hits your white imp!
Your white imp dies!
The centaur shoots an arrow.
The arrow hits you!
You see here an arrow.
The centaur shoots an arrow.
The arrow hits you!
* * * LOW HITPOINT WARNING * * *
You see here an arrow.
The centaur unwields an uncursed shortbow.
The centaur hits you.
* * * LOW HITPOINT WARNING * * *
You hit the centaur.
The centaur is almost dead.
The centaur hits you!
You die...

Action                   |  1- 3 |  4- 6 |  7- 9 || total
-------------------------+-------+-------+-------++-------
Melee: Mace              |    24 |    13 |    74 ||   111
       Short sword       |    49 |    21 |       ||    70
       Dagger            |    42 |    24 |       ||    66
       Morningstar       |       |    69 |       ||    69
       Falchion          |       |    98 |       ||    98
 Cast: Sandblast         |    26 |    16 |       ||    42
       Passwall          |     7 |    10 |       ||    17
       Stone Arrow       |     2 |    24 |       ||    26
  Use: Scroll            |     4 |     8 |     6 ||    18
       Potion            |       |     3 |     5 ||     8
 Stab: Sleeping          |     6 |    13 |     2 ||    21
       Distracted        |       |     1 |       ||     1
  Eat: Chunk             |     8 |    17 |     8 ||    33
       Beef jerky        |       |     1 |       ||     1
       Fruit             |       |       |     5 ||     5
Armor: Robe              |    45 |    62 |    18 ||   125
Dodge: Dodged            |   119 |   172 |    35 ||   326
       Rpst.: Falchion   |       |    12 |       ||    12

Vault maps used:
D:1:      onia_arrival_mini_maze_b
D:2:      xom_teletrap_fun, serial_glass, glass_columns_a, glass_columns_b,
          glass_columns_a, glass_columns_a, glass_columns_a, glass_columns_c,
          glass_columns_a, glass_columns_b, glass_columns_a, glass_columns_b,
          glass_columns_a, glass_columns_a, glass_columns_a, glass_columns_b,
          grunt_decor_cap, hex_medium
D:3:      overflow_temple_1_default, uniq_robin
D:4:      okawaru_ov_weapons_minmay, elyvilon_altar_4, first_bread,
          small_statue_intersection, grunt_dithmenos_smoke
D:5:      nicolae_overflow_hidden_temple, gup_ossuary_entry_pyramid
Ossuary:  ossuary_crypta

Notes
Turn   | Place    | Note
-------+----------+-------------------------------------------
     0 | D:1      | puppykicker the Demonspawn Earth Elementalist began the quest for the Orb.
     0 | D:1      | Reached XP level 1. HP: 13/13 MP: 3/3
   119 | D:1      | Reached skill level 2 in Stealth
   432 | D:1      | Gained mutation: You have a somewhat thin skeletal structure. (Dex +2, Stealth) [demonic ancestry]
   432 | D:1      | Reached XP level 2. HP: 19/19 MP: 3/5
   571 | D:1      | Reached skill level 3 in Earth Magic
   581 | D:1      | Learned a level 2 spell: Passwall
  1820 | D:2      | Found a shimmering altar of Xom.
  1830 | D:2      | Reached XP level 3. HP: 20/24 MP: 6/6
  2228 | D:2      | Learned a level 3 spell: Stone Arrow
  2573 | D:2      | Reached skill level 3 in Stealth
  3124 | D:2      | Gained mutation: You have a moderately thin skeletal structure. (Dex +4, Stealth+) [demonic ancestry]
  3124 | D:2      | Reached XP level 4. HP: 28/30 MP: 7/7
  3169 | D:2      | Reached skill level 1 in Short Blades
  3996 | D:3      | Reached skill level 1 in Transmutations
  4044 | D:3      | Found a blossoming altar of Fedhas.
  4612 | D:3      | Reached skill level 1 in Conjurations
  4996 | D:3      | Noticed Robin
  5080 | D:3      | Gained mutation: A weak demonic guardian rushes to your aid. [demonic ancestry]
  5080 | D:3      | Reached XP level 5. HP: 25/35 MP: 3/8
  5104 | D:3      | Killed Robin
  5945 | D:3      | Noticed a phantom
  5972 | D:3      | Killed a phantom
  5972 | D:3      | Reached skill level 2 in Short Blades
  5972 | D:3      | Reached skill level 2 in Conjurations
  5972 | D:3      | Reached skill level 2 in Transmutations
  5972 | D:3      | Reached XP level 6. HP: 14/41 MP: 1/9
  6347 | D:4      | Reached skill level 4 in Earth Magic
  6489 | D:4      | Reached skill level 4 in Stealth
  6962 | D:4      | Found a shadowy altar of Dithmenos.
  6981 | D:4      | Found a white marble altar of Elyvilon.
  7138 | D:4      | Found an iron altar of Okawaru.
  7145 | D:4      | Got a fine mace
  7378 | D:4      | Identified the +7 mace of the Revolution {venom, *Drain rElec rPois Int-2} (You found it on level 4 of the Dungeon)
  7648 | D:5      | Entered Level 5 of the Dungeon
  7688 | D:5      | Noticed a sky beast
  7701 | D:5      | Reached XP level 7. HP: 40/46 MP: 10/10
  7753 | D:5      | Gained mutation: Your flesh is heat resistant. (rF+) [mutagenic meat]
  7754 | D:5      | Gained mutation: Armour fits poorly on your strangely shaped body. [mutagenic meat]
  7755 | D:5      | Lost mutation: Armour fits poorly on your strangely shaped body. [mutagenic meat]
  7756 | D:5      | Gained mutation: You have an increased reservoir of magic. (+10% MP) [mutagenic meat]
  7757 | D:5      | Gained mutation: Scrolls take you a little longer to read. [mutagenic meat]
  7758 | D:5      | Gained mutation: You have large cloven feet. [mutagenic meat]
  7769 | D:5      | Reached skill level 3 in Conjurations
  7788 | D:5      | Got a thick robe
  7799 | D:5      | Identified the cursed +0 robe of the Swamp {*Slow rCorr Int-2 Stlth+} (You found it on level 5 of the Dungeon)
  7829 | D:5      | Reached skill level 1 in Fighting
  7829 | D:5      | Reached skill level 1 in Long Blades
  7835 | D:5      | Reached skill level 1 in Maces & Flails
  7928 | D:5      | Found a sand-covered staircase.
  8026 | Ossuary  | Entered an ossuary
  8839 | D:5      | Slain by a centaur

Vanquished Creatures
  2 phantoms
  A sky beast (D:5)
  A scorpion (D:4)
  A crimson imp (D:5)
  A centaur zombie (Ossuary)
  2 hounds (D:5)
  4 worker ants
  5 mummies
  Robin (D:3)
  6 adders
  2 worms
  3 dart slugs
  4 leopard geckos
  18 orcs
  11 bats
  6 giant cockroaches
  A gnoll zombie (Ossuary)
  21 goblins
  12 hobgoblins
  3 jackals (D:3)
  4 quokkas
  2 ball pythons
  6 frilled lizards
  3 hobgoblin zombies (Ossuary)
  3 kobolds
  2 kobold zombies (Ossuary)
  An orc zombie (Ossuary)
  9 rats
135 creatures vanquished.

Vanquished Creatures (collateral kills)
  A scorpion (D:3)
  2 orc priests (D:3)
  An iguana (D:5)
  An adder zombie (D:5)
  3 orcs (D:3)
  A giant cockroach (D:5)
  A goblin (D:3)
  A bat (D:3)
  A frilled lizard (D:3)
  A rat (D:3)
13 creatures vanquished.

Vanquished Creatures (others)
  A giant cockroach (D:4)
1 creature vanquished.

Grand Total: 149 creatures vanquished
